 Dungeon Crawl Stone Soup version 0.31-a0-716-gc7603755dd (webtiles) character file.

Game seed: 723248900163854716

1701 MackTheKnife the Martial Artist (level 8, -2/62 (64) HPs)
             Began as a Demonspawn Enchanter on Sept 10, 2023.
             Was a Priest of Uskayaw.
             Slain by Joseph
             ... wielding a +0 quarterstaff
              (9 damage)
             ... on level 7 of the Dungeon.
             The game lasted 00:07:32 (4866 turns).

MackTheKnife the Martial Artist (DsEn)              Turns: 4866, Time: 00:07:33

HP:   -2/62 (64)    AC:  6    Str: 11    XL:     8   Next: 73%
MP:   11/11         EV: 10    Int: 16    God:    Uskayaw [***...]
Gold: 269           SH:  4    Dex: 17    Spells: 9/11 levels left

rFire   + .          .
                       - Unarmed
rCold   . . .        (no shield)
rNeg    . . .        f - +0 ring mail
rPois   .            (helmet restricted)
rElec   +            (no cloak)
rCorr   .            (no gloves)
SInv    +            d - +0 pair of boots of Wuruynne {rElec rF+ Dex+3}
Will    .....        r - amulet of regeneration {@e2}
Stlth   ++           k - ring of see invisible
HPRegen 1.10/turn    (no ring)
MPRegen 0.12/turn

%: no passive effects
@: studying Shields, lightly drained
A: antennae 1, claws 2, spiny 2, condensation shield
a: Renounce Religion, Stomp, Line Pass


You were on level 7 of the Dungeon.
You worshipped Uskayaw.
Uskayaw was noncommittal.
You visited 2 branches of the dungeon, and saw 8 of its levels.

You collected 269 gold pieces.


Innate Abilities, Weirdness & Mutations

You have a pair of small antennae on your head.
You have very sharp fingernails.
You are mostly covered in sharp spines.
A meltable shield of frost defends you. (SH +4)


   Skills:
 + Level 6.0 Fighting
 - Level 0.8 Short Blades
 - Level 1.7 Dodging
 - Level 3.4 Stealth
 - Level 8.0 Unarmed Combat
 - Level 2.0 Spellcasting
 - Level 3.7 Hexes


You had 9 spell levels left.
You knew the following spells:

 Your Spells              Type           Power      Damage    Failure   Level
a - Ensorcelled Hibernat  Hex/Ice        14%        N/A       34%         2

Your spell library contained the following spells:

 Spells                   Type           Power      Damage    Failure   Level
 Jinxbite                 Hex            26%        N/A       17%         2
 Confusing Touch          Hex            13%        N/A       32%         3
 Tukima's Dance           Hex            13%        N/A       32%         3
 Sandblast                Erth           2%         2d4       45%         1
 Summon Small Mammal      Summ           4%         N/A       45%         1
 Dazzling Flash           Conj/Hex       14%        N/A       56%         3
 Summon Guardian Golem    Hex/Summ       7%         N/A       56%         3
 Passwall                 Tmut/Erth      0%         N/A       58%         2
 Call Canine Familiar     Summ           1%         N/A       83%         3
 Stone Arrow              Conj/Erth      2%         3d7       83%         3
 Anguish                  Hex/Necr       3%         N/A       93%         4

Inventory:

Armour
 d - the +0 pair of boots of Wuruynne (worn) {rElec rF+ Dex+3}
   (You acquired it on level 6 of the Dungeon)

   Dex+3:     It affects your dexterity (+3).
   rF+:       It protects you from fire.
   rElec:     It insulates you from electricity.
 f - a +0 ring mail (worn)
   (You found it on level 5 of the Dungeon)
Jewellery
 k - a ring of see invisible (left claw)
   (You found it on level 1 of the Dungeon)
 r - an amulet of regeneration (around neck) {@e2}
   (You found it on level 3 of the Dungeon)
Talismans
 e - a flux talisman
   (You found it on level 1 of the Dungeon)
Wands
 v - a wand of acid (3)
   (You found it on level 6 of the Dungeon)
Scrolls
 a - a scroll of enchant weapon
 g - a scroll of fog
 h - 2 scrolls of vulnerability {!r!r}
 i - a scroll of amnesia {unknown}
 j - a scroll of teleportation {@r4}
 n - 2 scrolls of summoning
 w - a scroll of silence {!r}
Potions
 b - a potion of cancellation {unknown}
 c - a potion of invisibility
 l - a potion of enlightenment
 m - a potion of ambrosia {unknown}
 o - 2 potions of curing {@q1}
 p - 3 potions of lignification {!q}
 q - a potion of resistance {unknown}
 s - a potion of might {unknown}
 t - a potion of heal wounds {unknown}
 u - a potion of haste {unknown}

Dungeon Overview and Level Annotations

Branches:
Dungeon (7/15) Zot: 26846  Temple (1/1) D:5 Zot: 5964

Altars:
Ashenzari
Cheibriados
Dithmenos
Fedhas
Gozag
Kikubaaqudgha
Okawaru
Qazlal
Ru
Trog
Uskayaw
Vehumet
Wu Jian
Xom
Yredelemnul
Lugonu

Shops:
D:2 (   D:4 :

Portals:
Abyss: D:5

Annotations:
D:3 Sigmund
D:5 2 runed translucent doors
D:7 Joseph

# # #.# # ####.# #
..#.#### # #......#
#......#
###########......###
≈≈≈≈≈≈~...........# .
#≈≈≈≈≈~~...@@....# .#
#≈≈≈≈≈≈.........# .##
##≈≈~≈~......[...+
..#######~~.~.........##
.........~~≈~.........≈≈
...).....~~~~.......≈≈≈#
.........~.~~......≈≈>##
...)).).~~≈~~.....~≈..#
.........~~~........≈≈


You could see Joseph.


Message History

a +0 flail {mace}; a +0 robe; 😕 HP[+1]
The wight is struck by your spines. The wight hits you with a +1 scimitar!
You feel drained. 😮 HP[-11]
You now have 62 max hp (-2).
You take 11 damage, and now have 46/62 hp.
You claw the wight!
You hear the slow hiss of a very distant avalanche of sand.
The wight hits you with a +1 scimitar!
You feel drained.
Uskayaw will force your foes to share their pain. 😮 HP[-12]
You now have 60 max hp (-2).
You take 12 damage, and now have 34/60 hp.
You scratch the wight. The wight is struck by your spines.
You destroy the wight!
Your Fighting skill increases to level 6! 😮 HP[+1]
You now have 62 max hp (+2).
Things that are here:
a +1 scimitar {long}; a +0 robe; 😮 HP[+1] 😮 HP[+1]
You start resting. 😎 HP[+25]
Your hp is fully restored (62).
You enter the shallow water.
Moving in this stuff is going to be slow.
You enter the shallow water.
Moving in this stuff is going to be slow.
Joseph, a Mercenary comes into view.
He is wielding a +0 quarterstaff.
Joseph shouts!
Joseph unwields a +0 quarterstaff.
Joseph wields a +0 sling.
Joseph shoots a sling bullet.
The sling bullet hits you! 😕 HP[-8]
You take 8 damage, and now have 54/62 hp. 😕 HP[+2]
You regained 2 hp, and now have 56/62 hp.
Found an escape hatch in the floor.
Joseph shoots a sling bullet.
The sling bullet hits you! 😮 HP[-14]
You take 14 damage, and now have 42/62 hp.
MASSIVE DAMAGE!! (PAUSE) Joseph shoots a sling bullet.
The sling bullet hits you! 😮 HP[-6]
You take 6 damage, and now have 36/62 hp.
Unknown command. 😮 HP[+1] Unknown command.
You scratch Joseph.
Joseph unwields a +0 sling.
Joseph wields a +0 quarterstaff.
Joseph is struck by your spines. Joseph hits you with a +0 quarterstaff!
* * * LOW HITPOINT WARNING * * *
😨 HP[-10]
You take 10 damage, and now have 27/62 hp.
Unknown command.
You scratch Joseph but do no damage.
Joseph hits you but does no damage. 😨 HP[+1]
You scratch Joseph. 😨 HP[+1]
You claw Joseph! Joseph barely misses you.
You can now pass through a line of other dancers. 😨 HP[+1] Unknown command.
You scratch Joseph. You block Joseph's attack. 😨 HP[+1]
You barely miss Joseph. Joseph barely misses you. 😮 HP[+1]
You scratch Joseph. Joseph hits you with a +0 quarterstaff!
* * * LOW HITPOINT WARNING * * *
😨 HP[-12]
You take 12 damage, and now have 20/62 hp.
You scratch Joseph. Joseph misses you. 😨 HP[+1]
You claw Joseph! Joseph is struck by your spines. Joseph barely misses you.
Uskayaw will force your foes to helplessly watch your dance.
Uskayaw prepares the audience for your solo! 😨 HP[+1]
The helpless Joseph fails to defend himself.
You scratch Joseph but do no damage.
Joseph is no longer paralysed.
Joseph hits you with a +0 quarterstaff!
* * * LOW HITPOINT WARNING * * *
Unknown command. 😱 HP[-15]
You take 15 damage, and now have 7/62 hp.
MASSIVE DAMAGE!! (PAUSE)
You closely miss Joseph.
You claw Joseph, but do no damage. 😱 HP[+1]
You barely miss Joseph.
You hear the hiss of a very distant avalanche of sand.
Joseph hits you but does no damage. 😱 HP[+1]
You closely miss Joseph. Joseph hits you with a +0 quarterstaff.
* * * LOW HITPOINT WARNING * * *
😱 HP[-3]
You take 3 damage, and now have 6/62 hp.
Unknown command.
You scratch Joseph.
Joseph says, "You will never get the ORB, sorry."
Joseph hits you with a +0 quarterstaff!
You die...

Skill      XL: |  1  2  3  4  5  6  7  8 |
---------------+-------------------------+-----
Stealth        | 3 |  3.4
Fighting       | 1 2 6 |  6.0
Unarmed Combat | 1 2 3 5 7 8 |  8.0
Short Blades   | |  0.8
Dodging        | |  1.7
Spellcasting   | |  2.0
Hexes          | |  3.7

Action                     |  1- 3 |  4- 6 |  7- 9 || total
---------------------------+-------+-------+-------++-------
  Melee: Dagger            |    84 |   118 |       ||   202
         Unarmed           |       |    68 |   124 ||   192
         Punch             |       |     3 |     7 ||    10
    Use: Potion            |       |     1 |       ||     1
         Scroll            |       |     8 |     5 ||    13
   Stab: Sleeping          |     7 |     3 |     2 ||    12
         Invisible         |       |     3 |       ||     3
         Distracted        |       |     1 |       ||     1
         Paralysed         |       |       |     7 ||     7
 Armour: Robe              |    29 |    73 |    24 ||   126
         Ring mail         |       |       |    47 ||    47
  Dodge: Dodged            |    47 |   103 |    56 ||   206
  Block: Other             |       |    37 |    26 ||    63

Levels and vault maps discovered:
D:1:      saegor_arrival_miasma, layout_basic, hangedman_feature_mirror
D:2:      layout_basic, serial_shops, shop
D:3:      minmay_chambers_of_threes, layout_rooms, uniq_robin, uniq_sigmund
D:4:      minmay_diamond_boxcup, layout_cave_pools, yredelemnul_altar_generic,
          mainiacjoe_overflow_brackets, serial_shops, shop,
          serial_park_tiny_pond, st_stairs_5
D:5:      due_chaos_kobolds, layout_cave_pools, general_overflow_altar,
          minmay_temple_entry_ruins
D:6:      layout_cave_pools, nrook_mini_vaults, minmay_misc_feat_roman
D:7:      layout_basic, amcnicky_altar_gilded, nicolae_ossuary_entry_catacombs,
          serial_rivers, chequers_serial_rivers_room_a,
          chequers_serial_rivers_small_b, chequers_serial_rivers_large_a,
          chequers_serial_rivers_room_a, chequers_serial_rivers_small_b,
          serial_shops, nicolae_shop_behind_doors, minmay_manual_mess,
          uniq_joseph
Temple:   nicolae_temple_bog_church

Notes
Turn   | Place    | Note
-------+----------+-------------------------------------------
     0 | D:1      | MackTheKnife the Demonspawn Enchanter began the quest for
                  | the Orb.
     0 | D:1      | Reached XP level 1. HP: 13/13 MP: 3/3
     0 | D:1      | magus.rc [v1.9.6]
    70 | D:1      | Reached skill level 3 in Stealth
    71 | D:1      | You feel monstrous as your demonic heritage exerts itself.
    71 | D:1      | Discovered your monstrous ancestry.
    71 | D:1      | Gained mutation: You have sharp fingernails. [demonic
                  | ancestry]
    71 | D:1      | Reached XP level 2. HP: 19/19 MP: 5/5
   818 | D:2      | Gained mutation: You are partially covered in sharp spines.
                  | [demonic ancestry]
   818 | D:2      | Reached XP level 3. HP: 24/24 MP: 6/6
   908 | D:2      | Learned a level 2 spell: Ensorcelled Hibernation
  1002 | D:2      | Reached skill level 1 in Fighting
  1002 | D:2      | Reached skill level 1 in Unarmed Combat
  1082 | D:2      | Gained mutation: A meltable shield of frost defends you.
                  | (SH +4) [demonic ancestry]
  1082 | D:2      | Reached XP level 4. HP: 29/32 MP: 7/7
  1524 | D:2      | Found Teomucuj's Weapon Shop.
  1610 | D:3      | Noticed Robin
  1685 | D:3      | Reached skill level 2 in Fighting
  1687 | D:3      | magus.rc [v1.9.6]
  1786 | D:3      | Reached skill level 2 in Unarmed Combat
  1811 | D:3      | Killed Robin
  1812 | D:3      | Reached XP level 5. HP: 12/38 MP: 8/8
  1993 | D:3      | Reached skill level 3 in Unarmed Combat
  2208 | D:3      | Noticed Sigmund
  2281 | D:3      | You pick up a book of Callings and begin reading...
  2281 | D:3      | You add the spells Summon Small Mammal, Call Canine
                  | Familiar and Summon Guardian Golem to your library.
  2788 | D:4      | Gained mutation: You are mostly covered in sharp spines.
                  | [demonic ancestry]
  2788 | D:4      | Reached XP level 6. HP: 34/44 MP: 9/9
  2790 | D:4      | Reached skill level 4 in Unarmed Combat
  2885 | D:4      | Found Jirrol's Book Shop.
  2975 | D:4      | Found a basalt altar of Yredelemnul.
  3059 | D:4      | Reached skill level 5 in Unarmed Combat
  3090 | D:4      | Found a stormy altar of Qazlal.
  3373 | D:5      | Entered Level 5 of the Dungeon
  3400 | D:5      | Gained mutation: You have a pair of small antennae on your
                  | head. [demonic ancestry]
  3400 | D:5      | Reached XP level 7. HP: 48/50 MP: 10/10
  3406 | D:5      | Found a one-way gate to the infinite horrors of the Abyss.
  3567 | D:5      | Found a staircase to the Ecumenical Temple.
  3576 | Temple   | Entered the Ecumenical Temple
  3593 | Temple   | Became a worshipper of Uskayaw the Reveller
  3620 | D:5      | Reached * piety under Uskayaw
  3621 | D:5      | Reached skill level 6 in Unarmed Combat
  3637 | D:5      | You pick up a book of Dreams and begin reading...
  3637 | D:5      | You add the spells Jinxbite and Anguish to your library.
  3687 | D:5      | Found a large runed translucent door.
  3688 | D:5      | Found a large runed translucent door.
  3695 | D:5      | Found a corrupted altar of Lugonu.
  3787 | D:5      | Reached ** piety under Uskayaw
  3799 | D:4      | Reached *** piety under Uskayaw
  4060 | D:6      | Reached skill level 7 in Unarmed Combat
  4120 | D:6      | Identified a scroll of acquirement
  4121 | D:6      | Acquired the +0 pair of boots of Wuruynne {rElec rF+ Dex+3}
  4217 | D:6      | magus.rc [v1.9.6]
  4318 | D:6      | Reached **** piety under Uskayaw
  4319 | D:6      | Gained mutation: You have very sharp fingernails. [demonic
                  | ancestry]
  4319 | D:6      | Reached XP level 8. HP: 35/56 MP: 11/11
  4404 | D:6      | You pick up a book of Geomancy and begin reading...
  4404 | D:6      | You add the spells Sandblast, Passwall and Stone Arrow to
                  | your library.
  4472 | D:6      | Reached skill level 8 in Unarmed Combat
  4742 | D:7      | Reached skill level 3 in Fighting
  4744 | D:7      | Reached skill level 4 in Fighting
  4751 | D:7      | Reached ***** piety under Uskayaw
  4772 | D:7      | Reached skill level 5 in Fighting
  4816 | D:7      | Reached skill level 6 in Fighting
  4848 | D:7      | Noticed Joseph
  4862 | D:7      | HP: 7/62 [Joseph/+0 quarterstaff (16)]
  4866 | D:7      | Slain by Joseph

Vanquished Creatures
  A vampire mosquito (D:7)
  A black bear (D:6)
  An ogre (D:7)
  A phantom (D:4)
  A kobold brigand (D:7)
  3 bullfrogs (D:6)
  2 scorpions (D:6)
  3 wights (D:7)
  2 jellies
  2 howler monkeys
  3 orc priests
  5 hounds
  A gnoll bouda (D:4)
  3 iguanas
  Robin (D:3)
  8 gnolls
  8 adders
  A white imp (D:7)
  3 ufetubi
  5 dart slugs
  10 orcs
  8 bats
  11 endoplasms
  6 giant cockroaches
  19 goblins
  15 hobgoblins
  7 kobolds
  6 quokkas
  8 ball pythons
  A frilled lizard (D:2)
  4 rats
150 creatures vanquished.

Table legend:
 A = Non-vault XP
 B = Vault XP
 C = Vault XP percentage of total XP
 D = Non-vault monster count
 E = Vault monster count
 F = Vault count percentage of total count
                 A         B        C        D         E       F
            +---------+---------+-------+---------+---------+-------
      Total |    1750 |     680 |  28.0 |     107 |      43 |  28.7
            +---------+---------+-------+---------+---------+-------
        D:1 |      34 |       3 |   8.1 |      19 |       2 |   9.5
        D:2 |      82 |       0 |   0.0 |      20 |       0 |   0.0
        D:3 |     135 |      73 |  35.1 |      21 |      24 |  53.3
        D:4 |     304 |     131 |  30.1 |      18 |      11 |  37.9
        D:5 |     211 |       0 |   0.0 |      12 |       0 |   0.0
        D:6 |     712 |       0 |   0.0 |      12 |       0 |   0.0
        D:7 |     272 |     473 |  63.5 |       5 |       6 |  54.5
            +---------+---------+-------+---------+---------+-------

Skill      XL: |  1  2  3  4  5  6  7  8 |
---------------+-------------------------+-----
Stealth        | 3 |  3.4
Fighting       | 1 2 6 |  6.0
Unarmed Combat | 1 2 3 5 7 8 |  8.0
Short Blades   | |  0.8
Dodging        | |  1.7
Spellcasting   | |  2.0
Hexes          | |  3.7

Action                     |  1- 3 |  4- 6 |  7- 9 || total
---------------------------+-------+-------+-------++-------
  Melee: Dagger            |    84 |   118 |       ||   202
         Unarmed           |       |    68 |   124 ||   192
         Punch             |       |     3 |     7 ||    10
    Use: Potion            |       |     1 |       ||     1
         Scroll            |       |     8 |     5 ||    13
   Stab: Sleeping          |     7 |     3 |     2 ||    12
         Invisible         |       |     3 |       ||     3
         Distracted        |       |     1 |       ||     1
         Paralysed         |       |       |     7 ||     7
 Armour: Robe              |    29 |    73 |    24 ||   126
         Ring mail         |       |       |    47 ||    47
  Dodge: Dodged            |    47 |   103 |    56 ||   206
  Block: Other             |       |    37 |    26 ||    63

Illustrated notes

Table legend:
 A = Kills in this place as a percentage of kills in the entire game.
 B = Kills by you in this place as a percentage of kills by you in the entire game.
 C = Kills by friends in this place as a percentage of kills by friends in the entire game.
 D = Other kills in this place as a percentage of other kills in the entire game.
 E = Experience gained in this place as a percentage of experience gained in the entire game.
 F = Experience gained in this place divided by the number of levels of this place that you have seen.
                   A       B       C       D       E      F
               +-------+-------+-------+-------+-------+----------------------
         Total | 100.0 | 100.0 |   N/A |   N/A | 100.0 | 303.8
       Dungeon | 100.0 | 100.0 |   N/A |   N/A | 100.0 | 347.1
               +-------+-------+-------+-------+-------+----------------------

Table legend: (Time is in decaauts)
 A = Elapsed time spent in this place.
 B = Non-inter-level travel time spent in this place.
 C = Inter-level travel time spent in this place.
 D = Time resting spent in this place.
 E = Time spent auto-exploring this place.
 F = Levels seen in this place.
 G = Mean time per level.
                   A        B        C        D        E       F      G
               +--------+--------+--------+--------+--------+-----+--------+
         Total |   4840 |   4611 |    229 |    381 |   3249 |   8 |  605.0 |
       Dungeon |   4804 |   4609 |    195 |    381 |   3249 |   7 |  686.3 |
        Temple |     36 |      2 |     34 |      0 |      0 |   1 |   36.0 |
               +--------+--------+--------+--------+--------+-----+--------+

Top non-repeatable levels by time:
     D:3: 1086 daAuts
     D:1: 813 daAuts
     D:2: 787 daAuts
     D:4: 700 daAuts
     D:6: 691 daAuts
     D:5: 572 daAuts
     D:7: 152 daAuts
  Temple: 36 daAuts
